 Dungeon Crawl Stone Soup version 0.28.0-45-g0d030f2227 (webtiles) character file.

Game seed: 3393372576539896460

14 Applezztry the Poker (level 2, 0/22 HPs)
             Began as a Merfolk Gladiator on Apr 14, 2022.
             Slain by Terence
             ... wielding a +0 mace
              (9 damage)
             ... on level 2 of the Dungeon.
             The game lasted 00:04:56 (338 turns).

Applezztry the Poker (Merfolk Gladiator)             Turns: 338, Time: 00:04:56

Health: 0/22       AC:  4    Str: 14    XL:     2   Next: 45%
Magic:  2/2        EV: 13    Int:  7    God:
Gold:   46         SH:  0    Dex: 15    Spells: 1/1 levels left

rFire   . . .      SeeInvis .   a - +0 trident
rCold   . . .      Faith    .   (no shield)
rNeg    . . .      Spirit   .   b - +0 leather armour
rPois   .          Reflect  .   c - +0 helmet
rElec   .          Harm     .   (no cloak)
rCorr   .          Rampage  .   (no gloves)
Will    .....                   (no boots)
Stlth   +.........              (no amulet)
HPRegen 0.07/turn               (no ring)
MPRegen 0.08/turn               (no ring)

@: no status effects
A: (nimble swimmer 2), mertail
a: no special abilities


You were on level 2 of the Dungeon.
You visited 1 branch of the dungeon, and saw 2 of its levels.

You collected 46 gold pieces.

Inventory:

Hand Weapons
 a - a +0 trident (weapon)
 e - a +0 club
Missiles
 d - 3 throwing nets (quivered)
 i - 25 arrows
 j - 21 stones
Armour
 b - a +0 leather armour (worn)
 c - a +0 helmet (worn)
Scrolls
 h - a scroll of identify
Potions
 f - 2 potions of lignification {unknown}
 g - a potion of berserk rage


   Skills:
 + Level 2.2 Fighting
 + Level 5.1 Polearms
 + Level 2.0 Throwing
 + Level 4.4 Dodging


You had one spell level left.
You didn't know any spells.
Your spell library was empty.

Dungeon Overview and Level Annotations

Branches:
Dungeon (2/15)

Altars:

Annotations:
D:2 Terence


Innate Abilities, Weirdness & Mutations

((You are very nimble when in or above water. (Stealth+, EV+, Speed+++)))
Your lower body shifts to a powerful aquatic tail in water.


Message History

The endoplasm freezes you.
You are frozen.
An endoplasm is nearby!
The endoplasm jiggles.
You see here 8 gold pieces.
You now have 46 gold pieces (gained 8).
The endoplasm closely misses you.
You puncture the endoplasm!
You kill the endoplasm!
You see here a +0 club.
h - a scroll labelled RIPSIE LAFO You see here 25 arrows.
You see here 25 arrows.
i - 25 arrows You open the door.
A ball python comes into view.
The ball python hisses angrily.
You hit the ball python.
You kill the ball python!
There is an open door, spattered with blood here.
You see here a ball python corpse.
Found a stone staircase leading down.
HP restored.
Found 21 stones.
You see here 21 stones.
You see here 21 stones.
j - 21 stones
Found a scroll labelled RIPSIE LAFO.
Terence the Incautious comes into view.
He is wielding a +0 mace.
Terence shouts!
h - 2 scrolls labelled RIPSIE LAFO (gained 1) Terence is nearby!
As you read the scroll labelled RIPSIE LAFO, it crumbles to dust.
It is a scroll of identify.
g - a potion of berserk rage You closely miss Terence.
Terence hits you with a +0 mace!
You barely miss Terence. Terence hits you with a +0 mace.
You hit Terence but do no damage. Terence hits you but does no damage.
You hit Terence but do no damage. You punch Terence, but do no damage.
Terence hits you with a +0 mace!
You die...

#.# #.# #.#
#.#
###########.#
.#...........#
........######
......#...#
.@...##@..##
.....#8@..8#
.... ##...##
... #...# ...
#...# 8...8#
#...## #...#
....# ....⌠


You could see Terence.

Vanquished Creatures
  2 endoplasms (D:2)
  4 goblins
  2 hobgoblins (D:1)
  A quokka (D:1)
  2 ball pythons
11 creatures vanquished.

Notes
Turn   | Place    | Note
-------+----------+-------------------------------------------
     0 | D:1      | Applezztry the Merfolk Gladiator began the quest for the
                  | Orb.
     0 | D:1      | Reached XP level 1. HP: 16/16 MP: 1/1
    43 | D:1      | Reached XP level 2. HP: 1/22 MP: 2/2
   104 | D:2      | Reached skill level 5 in Polearms
   326 | D:2      | Noticed Terence
   338 | D:2      | Slain by Terence

Illustrated notes

Levels and vault maps discovered:
D:1:      dpeg_arrival_lava_altar, layout_rooms, ebering_ecumenical_altar_rust,
          minmay_tall_x
D:2:      layout_basic, corexii_hall_statues_t, minmay_small_reverse_x,
          uniq_terence, uniq_jessica

Skill      XL: |  1  2 |
---------------+-------+-----
Polearms       | 5 |  5.1
Fighting       | |  2.2
Throwing       | |  2.0
Dodging        | |  4.4

Action                   || total
-------------------------++-------
Melee: Trident           ||    31
       Punch             ||     1
  Use: Scroll            ||     1
       Potion            ||     1
Armor: Leather armour    ||     6
Dodge: Dodged            ||    10
